 Dungeon Crawl Stone Soup version 0.22.1-6-g1668fe2 (webtiles) character file.

960 infcreate the Destroyer (level 7, -2/36 HPs)
             Began as a Deep Elf Conjurer on Jan 23, 2019.
             Was an Initiate of Vehumet.
             Shot with an arrow by a centaur (6 damage)
             ... on level 5 of the Dungeon.
             The game lasted 00:21:03 (4496 turns).

infcreate the Destroyer (Deep Elf Conjurer)         Turns: 4496, Time: 00:21:04

Health: -2/36      AC:  7    Str:  5    XL:     7   Next: 92%
Magic:  19/20      EV: 14    Int: 22    God:    Vehumet [......]
Gold:   311        SH:  0    Dex: 15    Spells: 4/22 levels left

rFire    . . .     SeeInvis .   (no weapon)
rCold    . . .     Gourm    .   (no shield)
rNeg     . . .     Faith    .   a - +0 robe
rPois    .         Spirit   .   (no helmet)
rElec    .         Reflect  .   (no cloak)
rCorr    .         Harm     .   (no gloves)
MR       .....                  r - +2 pair of boots {run}
Stlth    +++.......             (no amulet)
HPRegen  0.12/turn              b - +2 ring of protection
MPRegen  0.17/turn              (no ring)

@: quick
A: no striking features
a: Renounce Religion


You were on level 5 of the Dungeon.
You worshipped Vehumet.
Vehumet was noncommittal.
You were hungry.

You visited 1 branch of the dungeon, and saw 5 of its levels.
You also visited: Sewer.

You collected 311 gold pieces.

Inventory:

Armour
 a - a +0 robe (worn)
 r - a +2 pair of boots of running (worn)
Jewellery
 b - a +2 ring of protection (left hand)
Scrolls
 d - 4 scrolls of identify
 m - a scroll of random uselessness {unknown}
 n - a scroll of teleportation
 o - a scroll of remove curse {unknown}
Potions
 e - 2 potions of agility
 f - a potion of magic
 g - a potion of lignification {unknown}
 h - a potion of degeneration {unknown}
 i - 3 potions of haste
 k - a potion of ambrosia {unknown}
 l - 2 potions of brilliance {unknown}
 p - a potion of mutation {unknown}
 q - 2 potions of flight {unknown}
Comestibles
 c - 11 rations


   Skills:
 + Level 3.5 Dodging
 + Level 3.6 Stealth
 + Level 8.1 Spellcasting
 + Level 8.2 Conjurations


You had 4 spell levels left.
You knew the following spells:

 Your Spells              Type           Power        Failure   Level  Hunger
a - Magic Dart            Conj           ####         1%          1    None
b - Searing Ray           Conj           #####.       1%          2    None
c - Dazzling Spray        Conj/Hex       ####..       4%          3    None
d - Iskenderun's Mystic   Conj           #####...     2%          4    ###....
e - Force Lance           Conj/Tloc      ####....     14%         4    ###....
f - Fulminant Prism       Conj/Hex       ####......   14%         4    ###....

Your spell library contained the following spells:

 Spells                   Type           Power        Failure   Level  Hunger


Dungeon Overview and Level Annotations

Branches:
Dungeon (5/15)
 Temple: D:4-7

Altars:
Ashenzari
Dithmenos
Elyvilon
Makhleb
Nemelex Xobeh
Ru
Vehumet

Shops:
D:5 :

Annotations:
D:5 1 transporter


Message History

The centaur shouts!
The gnoll sergeant shouts!
The centaur wields a shortbow.
The centaur shoots an arrow.
The arrow misses you.
The centaur shoots an arrow.
The arrow hits you!
You see here an arrow.
The centaur shoots an arrow.
The arrow misses you.
The centaur shoots an arrow.
The arrow hits you!
You see here an arrow.
The centaur shoots an arrow.
The arrow hits you.
* * * LOW HITPOINT WARNING * * *
You see here an arrow.
The centaur shoots an arrow.
The arrow barely misses you.
You see here an arrow.
The centaur shoots an arrow.
The arrow hits you!
* * * LOW HITPOINT WARNING * * *
You see here an arrow.
The centaur shoots an arrow.
The arrow barely misses you.
You see here an arrow.
The centaur shoots an arrow.
The arrow hits you.
You die...

#######...#######
#...c.#...†......
#.###.##'########
#.###.##.#
#(..#.##.########
###c#.c..#......#
#(###..#......#
#####c#....#.......
#<@...#.##.#.......
#######(.........∩.
#....#......#
#.##.#......# #.#
.###.#### #(#
>..... #c# ### #.#
#.####


You could see a centaur.

Vanquished Creatures
  Sigmund (D:3)
  A sky beast (D:5)
  An ogre (D:4)
  2 bullfrogs (Sewer)
  2 scorpions
  A crimson imp (D:4)
  A hound (D:4)
  3 orc priests
  A worker ant (D:5)
  A gnoll (D:5)
  7 adders
  2 river rats (D:4)
  A shadow imp (D:5)
  3 worms
  4 leopard geckos (Sewer)
  11 orcs
  12 giant cockroaches
  9 goblins
  6 hobgoblins
  4 jackals (D:1)
  A quokka (D:2)
  4 ball pythons
  6 bats
  8 frilled lizards
  9 kobolds
  9 rats
110 creatures vanquished.

Notes
Turn   | Place    | Note
-------+----------+-------------------------------------------
     0 | D:1      | infcreate the Deep Elf Conjurer began the quest for the
                  | Orb.
     0 | D:1      | Reached XP level 1. HP: 10/10 MP: 6/6
   310 | D:1      | Reached XP level 2. HP: 15/15 MP: 6/8
   479 | D:1      | Reached skill level 5 in Conjurations
   865 | D:1      | Learned a level 2 spell: Searing Ray
   927 | D:2      | Found a sacrificial altar of Ru.
   947 | D:2      | Reached XP level 3. HP: 19/19 MP: 7/9
  1447 | D:2      | Learned a level 3 spell: Dazzling Spray
  1458 | D:2      | Reached XP level 4. HP: 24/24 MP: 9/11
  2124 | D:3      | Found a white marble altar of Elyvilon.
  2136 | D:3      | Reached XP level 5. HP: 22/28 MP: 7/14
  2223 | D:3      | Noticed Sigmund
  2231 | D:3      | Killed Sigmund
  2231 | D:3      | Reached skill level 5 in Spellcasting
  2231 | D:3      | Reached XP level 6. HP: 32/32 MP: 4/16
  2349 | D:3      | Learned a level 4 spell: Iskenderun's Mystic Blast
  2617 | D:4      | Found a glowing drain.
  2628 | D:4      | Found a shadowy altar of Dithmenos.
  2751 | Sewer    | Entered a sewer
  3026 | Sewer    | Reached XP level 7. HP: 18/36 MP: 7/19
  3289 | D:4      | Learned a level 4 spell: Force Lance
  3532 | D:4      | Found a shattered altar of Ashenzari.
  3533 | D:4      | Found a sparkling altar of Nemelex Xobeh.
  3596 | D:4      | Found a burning altar of Makhleb.
  3596 | D:4      | Found a radiant altar of Vehumet.
  3607 | D:4      | Became a worshipper of Vehumet
  4083 | D:4      | Identified a +2 pair of boots of running (You found it on
                  | level 4 of the Dungeon)
  4104 | D:5      | Entered Level 5 of the Dungeon
  4226 | D:4      | Learned a level 4 spell: Fulminant Prism
  4236 | D:5      | Found a transporter.
  4240 | D:5      | Noticed a fire bat
  4320 | D:5      | Found Geloi's Book Boutique.
  4496 | D:5      | Shot with an arrow by a centaur

Skill      XL: |  1  2  3  4  5  6  7 |
---------------+----------------------+-----
Conjurations   | 5 6 7 8 |  8.2
Stealth        | 3 |  3.6
Spellcasting   | 4 5 6 8 |  8.1
Dodging        | 3 |  3.5

Action                   |  1- 3 |  4- 6 |  7- 9 || total
-------------------------+-------+-------+-------++-------
Melee: Unarmed           |       |     4 |       ||     4
 Cast: Magic Dart        |    82 |    97 |    44 ||   223
       Searing Ray       |       |     4 |       ||     4
       Dazzling Spray    |       |     2 |     1 ||     3
       Iskenderun's Myst |       |     1 |    12 ||    13
  Use: Scroll            |       |     7 |       ||     7
  Eat: Chunk             |     1 |     5 |     5 ||    11
Armor: Robe              |     2 |     2 |     2 ||     6
Dodge: Dodged            |     7 |    19 |    10 ||    36
